 Dungeon Crawl Stone Soup version 0.27-a0-1202-ge72e49191c (webtiles) character file.

Game seed: 12378647813630258756

176524 jvsr the Scorcher (level 18, -11/108 HPs)
             Began as a Gargoyle Earth Elementalist on June 2, 2021.
             Was the Champion of Vehumet.
             Blown up by an orb spider (58 damage)
             ... with an orb of destruction
             ... on level 4 of the Spider Nest.
             The game lasted 01:27:04 (35183 turns).

jvsr the Scorcher (Gargoyle Earth Elementalist)    Turns: 35183, Time: 01:27:04

Health: -11/108    AC: 24    Str: 14    XL:     18   Next: 13%
Magic:  26/36      EV: 18    Int: 24    God:    Vehumet [******]
Gold:   4028       SH:  0    Dex: 10    Spells: 5/38 levels left

rFire    + + .     SeeInvis .   W - +3 Elemental Staff {rElec rF++ rC++ Will++ AC+5}
rCold    + + .     Faith    .   (no shield)
rNeg     + . .     Spirit   .   h - +1 robe {Archmagi}
rPois    ∞         Reflect  .   (no helmet)
rElec    +         Harm     .   C - scarf {+Inv}
rCorr    .         Rampage  .   i - +1 pair of gloves
Will     +++..                  (no boots)
Stlth    ++........             d - amulet of magic regeneration
HPRegen  0.28/turn              f - +4 ring of evasion
MPRegen  0.50/turn              l - ring of wizardry

@: flying, studying Long Blades
A: sickness immunity, AC +13, big wings, negative energy resistance 1,
electricity resistance, torment resistance 1, petrification resistance, clever
1, high mp 1
a: Renounce Religion, Evoke Invisibility


You were on level 4 of the Spider Nest.
You worshipped Vehumet.
Vehumet was exalted by your worship.
You visited 5 branches of the dungeon, and saw 28 of its levels.
You visited 1 bazaar.

You collected 6018 gold pieces.
You spent 1990 gold pieces at shops.

Inventory:

Hand Weapons
 W - the +3 Elemental Staff (weapon) {rElec rF++ rC++ Will++ AC+5}
   (You bought it in a shop on level 6 of the Dungeon)

   It affects your AC (+5).
   It greatly protects you from fire.
   It greatly protects you from cold.
   It insulates you from electricity.
   It greatly increases your willpower.
Missiles
 b - 688 stones
 c - 2 curare-tipped darts
 s - 5 boomerangs of dispersal
 v - a throwing net
Armour
 h - a +1 robe of the Archmagi (worn)
 i - a +1 pair of gloves (worn)
 u - a +1 troll leather armour
 C - a scarf of invisibility (worn)
 P - a +1 robe of cold resistance
Jewellery
 d - an amulet of magic regeneration (around neck)
 f - a +4 ring of evasion (left hand)
 l - a ring of wizardry (right hand)
 m - a ring of ice
 p - a ring of see invisible
 K - a ring of protection from fire
 O - a ring of ice
Wands
 e - a wand of digging (5)
 A - a wand of charming (6)
 D - a wand of paralysis (23)
 H - a wand of flame (95)
 J - a wand of iceblast (23)
 U - a wand of polymorph (35)
Scrolls
 n - 5 scrolls of teleportation
 q - 6 scrolls of blinking
 y - a scroll of amnesia
 E - 10 scrolls of identify
 F - a scroll of fear
 Q - 3 scrolls of magic mapping
 S - 2 scrolls of fog
Potions
 a - 3 potions of haste
 g - a potion of might
 j - 10 potions of curing
 k - 4 potions of brilliance
 z - a potion of magic
 B - a potion of berserk rage
 I - 5 potions of lignification
 M - a potion of cancellation
Miscellaneous
 o - a condenser vane
 x - a phantom mirror
 G - a tin of tremorstones (2/2)
 T - a phial of floods


   Skills:
 - Level 10.4 Fighting
 - Level 0.3(6.0) Maces & Flails
 - Level 9.6(9.7) Staves
 - Level 6.0 Armour
 - Level 8.3 Dodging
 - Level 2.1 Stealth
 - Level 10.7 Spellcasting
 - Level 12.0 Conjurations
 - Level 0.7 Transmutations
 + Level 16.7 Fire Magic
 - Level 13.5 Earth Magic
 - Level 8.8 Evocations


You had 5 spell levels left.
You knew the following spells:

 Your Spells              Type           Power      Damage    Failure   Level
a - Sandblast             Erth           100%       2d20      0%          1
b - Stone Arrow           Conj/Erth      100%       3d13      1%          3
c - Lee's Rapid Deconstr  Erth           54%        3d26*     1%          5
d - Iron Shot             Conj/Erth      53%        9d10      1%          6
e - Bolt of Magma         Conj/Fire/Erth 67%        4d26      1%          5
f - Irradiate             Conj/Tmut      30%        3d24      1%          5
g - Ignition              Fire           59%        3d16      4%          8

Your spell library contained the following spells:

 Spells                   Type           Power      Damage    Failure   Level
 Shatter                  Erth           54%        3d41*     80%         9
 Tornado                  Air            14%        N/A       100%        9
 Animate Skeleton         Necr           38%        N/A       1%          1
 Apportation              Tloc           38%        N/A       1%          1
 Corona                   Hex            21%        N/A       1%          1
 Pain                     Necr           76%        1d7       1%          1
 Summon Small Mammal      Summ           76%        N/A       1%          1
 Passwall                 Tmut/Erth      68%        N/A       1%          2
 Poisonous Vapours        Pois/Air       58%        N/A       1%          2
 Conjure Flame            Conj/Fire      100%       6-21      1%          3
 Ignite Poison            Fire/Tmut/Pois 75%        N/A       1%          3
 Mephitic Cloud           Conj/Pois/Air  64%        N/A       1%          3
 Petrify                  Tmut/Erth      82%        N/A       1%          4
 Fireball                 Conj/Fire      55%        3d21      1%          5
 Iskenderun's Battlesphe  Conj           82%        2d13      1%          5
 Blink                    Tloc           N/A        N/A       3%          2
 Call Imp                 Summ           19%        N/A       3%          2
 Call Canine Familiar     Summ           19%        N/A       6%          3
 Gell's Gravitas          Tloc           9%         N/A       6%          3
 Lesser Beckoning         Tloc           9%         N/A       6%          3
 Summon Guardian Golem    Hex/Summ       19%        N/A       6%          3
 Teleport Other           Tloc           19%        N/A       6%          3
 Vampiric Draining        Necr           9%         2d7       6%          3
 Yara's Violent Unravell  Hex/Tmut       10%        3d6       13%         5
 Animate Dead             Necr           9%         N/A       19%         4
 Cause Fear               Hex            9%         N/A       19%         4
 Summon Ice Beast         Ice/Summ       29%        N/A       19%         4
 Summon Lightning Spire   Summ/Air       29%        N/A       19%         4
 Agony                    Necr           19%        N/A       45%         5
 Manifold Assault         Tloc           19%        N/A       45%         5
 Silence                  Hex/Air        14%        N/A       45%         5
 Starburst                Conj/Fire      55%        8x6d15    1%          6
 Orb of Destruction       Conj           41%        9d14      3%          7
 Freezing Cloud           Conj/Ice/Air   41%        6-21      16%         6
 Lehudib's Crystal Spear  Conj/Erth      53%        10d12     17%         8
 Spellforged Servitor     Conj/Summ      29%        N/A       32%         7
 Fire Storm               Conj/Fire      55%        8d14      71%         9
 Chain Lightning          Conj/Air       38%        N/A       89%         8
 Discord                  Hex            9%         N/A       100%        8
 Absolute Zero            Ice            14%        ∞         100%        9


Dungeon Overview and Level Annotations

Branches:
Dungeon (15/15)            Temple (1/1) D:4            Lair (6/6) D:11
 Shoals (0/4) Lair:2       Spider (4/4) Lair:4        Slime (0/5) Lair:6
    Orc (2/2) D:12            Elf (0/3) Orc:2        Vaults (0/5) D:14
 Depths (0/5) D:15

Altars:
Ashenzari
Cheibriados
Dithmenos
Fedhas
Hepliaklqana
Kikubaaqudgha
Makhleb
Okawaru
Qazlal
Ru
Sif Muna
Trog
Uskayaw
Vehumet
Wu Jian
Xom
Zin
The Shining One
Beogh
Jiyva

Shops:
D:6 ?!=*[   D:10 *   D:12 **(   D:13 :   Orc:2 *[([

Annotations:
D:3 1 runed translucent door, drasked's ghost, amateur GnWr
D:8 3 runed translucent doors, Kinoniko's ghost, novice DsBe
D:14 2 transporters, Iclawnydy's ghost, journeyman GnIE
Orc:2 2 transporters, feta's ghost, journeyman TrMo


Innate Abilities, Weirdness & Mutations

You are immune to sickness and miasma.
Your stone body is resilient. (AC +13)
You are immune to poison.
Your large and strong wings let you fly.
You resist negative energy. (rN+)
You are resistant to electric shocks. (rElec)
You are resistant to unholy torment.
You are immune to petrification.
Your mind is acute. (Int +2)
You have an increased reservoir of magic. (+10% MP)


Message History

You are too injured to fight recklessly!
You are too injured to fight recklessly!
You are too injured to fight recklessly!
You are too injured to fight recklessly!
You are too injured to fight recklessly!
You are too injured to fight recklessly!
You are too injured to fight recklessly!
You are too injured to fight recklessly!
You are too injured to fight recklessly!
You are too injured to fight recklessly!
You are too injured to fight recklessly!
Unknown command.
Casting: Iron Shot (dangerous; 1% risk of failure)
Confirm with . or Enter, or press ? or * to list all spells.
Aiming: Iron Shot (dangerous; 1% risk of failure)
Press: ? - help, Shift-Dir - straight line, f - emperor scorpion
Aim: an emperor scorpion (moderately wounded, 74% to hit)
You feel a strong surge of power!
The iron shot hits the emperor scorpion!!
The emperor scorpion is heavily wounded.
The emperor scorpion stings you but does no damage.
The emperor scorpion completely misses you.
The emperor scorpion claws you but does no damage.
Casting: Iron Shot (dangerous; 1% risk of failure)
Confirm with . or Enter, or press ? or * to list all spells.
Aiming: Iron Shot (dangerous; 1% risk of failure)
Press: ? - help, Shift-Dir - straight line, f - orb spider, p - emperor scorpion
Aim: an orb spider (fully charged, 79% to hit)
You feel a strong surge of power!
The iron shot hits the orb spider!!
The orb spider is severely wounded.
The orb spider weaves a glowing orb of energy.
The emperor scorpion stings you but does no damage.
The emperor scorpion claws you but does no damage.
The emperor scorpion barely misses you.
An orb of destruction comes into view.
Unknown command.
The orb spider spins a strand of pure energy.
The orb of destruction hits you!!!
Ouch! That really hurt!
You die...

#.^≈≈ #.#≈≈ #...≈ #.^.≈## #######
#.s.≈≈# #^#...# #..°○.#
####..^..###.≈≈○s#
#.......#.##^≈≈#○###############
...#..^...##^≈≈.@.."...^.........
.....#....###≈≈$.........^..(....
.#........##≈≈.......≈#........#.
.<<#....#.##≈≈.#.......≈≈†≈≈#....
.....#....##≈≈...^#...≈≈≈≈≈≈≈≈..
.........^##############≈≈≈≈#####
....##............:...###≈≈###...
.#.....^...8..8..8..8^.##≈≈####.8
......#..........^....####≈≈# #..


You could see an emperor scorpion and an orb spider (charged).

Vanquished Creatures
  Arachne (Spider:2)
  Jorgrun (Spider:1)
  Rupert (D:15)
  Donald (Spider:2)
  A deep elf sorcerer (Orc:1)
  2 emperor scorpions
  An orc warlord (Orc:2)
  2 deep elf elementalists (Orc:1)
  A deep elf demonologist (Orc:1)
  An entropy weaver (Spider:4)
  A spark wasp (Spider:3)
  An ettin (Orc:1)
  The ghost of Firef the Unseen, a journeyman SpEn of Dithmenos (D:13)
  A rakshasa (D:15)
  3 vault guards (D:14)
  An ogre mage (Orc:1)
  Fannar (D:12)
  7 boulder beetles
  13 hydras
  A catoblepas (Lair:5)
  6 centaur warriors
  The ghost of vvokhom the Protected, a novice DDFi of Makhleb (D:9)
  A deep troll earth mage (D:15)
  A tengu warrior (D:14)
  2 dancing weapons
  An alligator (Lair:6)
  3 two-headed ogres
  3 death yaks (D:11)
  3 orc high priests
  A fire crab (D:15)
  4 skeletal warriors (D:15)
  A wizard (D:15)
  A spectral wolf spider (Spider:4)
  7 deep elf pyromancers
  6 orc knights (Orc:1)
  An ugly thing (D:11)
  14 orb spiders
  21 wolf spiders
  3 orc sorcerers
  A wolf spider zombie (D:15)
  A necromancer (D:15)
  2 oklob plants
  A cyclops (D:14)
  18 elephants
  A manticore (D:15)
  9 black mambas
  11 moths of wrath
  2 merfolk sirens (Lair:2)
  30 cane toads
  3 centaur skeletons (D:8)
  A naga mage (D:15)
  3 torpor snails
  A gargoyle (D:13)
  12 komodo dragons
  4 rime drakes
  2 kobold demonologists (D:9)
  Psyche (D:9)
  9 demonic crawlers
  2 hellwings (D:7)
  A spectral redback (Spider:4)
  A tengu conjurer (D:14)
  A silent spectre (Orc:1)
  A freezing wraith (D:14)
  2 redback zombies (Spider:4)
  2 merfolk (Lair:2)
  5 polar bears
  6 tyrant leeches
  12 trolls
  5 hornets
  22 blink frogs
  21 jumping spiders
  19 slime creatures
  Prince Ribbit (D:6)
  6 dream sheep
  A tarantella zombie (Spider:4)
  A spectral jumping spider (Spider:4)
  2 meliai zombies (D:8)
  A centaur simulacrum (D:15)
  A water elemental (D:14)
  A shadow (D:11)
  63 redbacks
  3 wyverns
  30 tarantellas
  3 vampires
  2 wraiths (D:12)
  59 yaks
  A yak (shapeshifter) (D:15)
  9 humans (D:14)
  6 basilisks
  17 vampire mosquitoes
  2 wargs (Orc:1)
  An acid dragon (D:8)
  10 water moccasins
  42 orc warriors
  2 sky beasts (D:6)
  5 black bears
  17 wolves
  4 boggarts (D:14)
  6 ogres
  16 centaurs
  A phantom (D:6)
  Blork the orc (D:6)
  25 bullfrogs
  13 kobold brigands
  A wyvern zombie (D:7)
  3 scorpions
  A water moccasin skeleton (D:5)
  3 killer bees (D:6)
  10 wights
  4 electric eels
  8 howler monkeys
  6 centaur zombies
  6 hounds
  20 orc priests
  3 gnoll shamans
  Ijyb (D:3)
  2 bullfrog skeletons (D:5)
  Terence (D:2)
  3 iguanas
  34 orc wizards
  29 gnolls
  13 adders
  2 river rats (D:11)
  5 shadow imps
  2 white imps
  A dart slug (D:2)
  99 orcs
  6 ball pythons
  6 bats
  9 endoplasms
  8 giant cockroaches
  10 goblins
  9 hobgoblins
  34 jackals
  5 quokkas
  3 frilled lizards
  16 kobolds
  9 rats
  A bush (Lair:5)
  A butterfly (Lair:4)
1060 creatures vanquished.

Vanquished Creatures (others)
  An elephant (Lair:2)
  A jumping spider (Spider:4)
  A wolf (Lair:2)
  A bush (Lair:6)
  29 fungi
  93 plants
  A withered plant (D:8)
127 creatures vanquished.

Grand Total: 1187 creatures vanquished

Notes
Turn   | Place    | Note
-------+----------+-------------------------------------------
     0 | D:1      | jvsr the Gargoyle Earth Elementalist began the quest for
                  | the Orb.
     0 | D:1      | Reached XP level 1. HP: 10/10 MP: 3/3
   244 | D:1      | Reached XP level 2. HP: 5/15 MP: 3/5
   656 | D:1      | Reached XP level 3. HP: 13/19 MP: 6/6
   791 | D:1      | Found a faded altar of an unknown god.
   988 | D:1      | Learned a level 3 spell: Stone Arrow
  1603 | D:2      | Noticed Terence
  1709 | D:2      | Reached XP level 4. HP: 20/24 MP: 8/8
  1884 | D:2      | Reached skill level 1 in Conjurations
  2193 | D:2      | Killed Terence
  2194 | D:2      | Reached skill level 5 in Earth Magic
  2201 | D:2      | Reached XP level 5. HP: 24/28 MP: 3/9
  2298 | D:2      | Learned a level 2 spell: Passwall
  2663 | D:3      | Found a runed translucent door.
  2663 | D:3      | Noticed drasked's ghost (amateur GnWr)
  3461 | D:3      | Noticed Ijyb
  3481 | D:3      | Killed Ijyb
  4015 | D:4      | Found an iron altar of Okawaru.
  4020 | D:4      | Reached XP level 6. HP: 32/32 MP: 11/11
  4242 | D:4      | Found a staircase to the Ecumenical Temple.
  4263 | D:4      | Noticed a black bear
  4272 | D:4      | Killed a black bear
  4274 | Temple   | Entered the Ecumenical Temple
  4509 | Temple   | Became a worshipper of Vehumet
  4548 | D:4      | Found a burning altar of Makhleb.
  5083 | D:5      | Entered Level 5 of the Dungeon
  5103 | D:5      | Found a glowing silver altar of Zin.
  5128 | D:5      | Found a glowing golden altar of the Shining One.
  5137 | D:5      | Reached XP level 7. HP: 31/36 MP: 13/13
  5593 | D:5      | Noticed a yak
  5605 | D:5      | Reached * piety under Vehumet
  5605 | D:5      | Offered knowledge of Freeze by Vehumet.
  5861 | D:5      | Reached skill level 5 in Spellcasting
  5875 | D:5      | Learned a level 5 spell: Lee's Rapid Deconstruction
  6161 | D:5      | Reached XP level 8. HP: 41/41 MP: 15/15
  6187 | D:5      | Reached ** piety under Vehumet
  6189 | D:5      | Offered knowledge of Searing Ray by Vehumet.
  6258 | D:5      | Reached skill level 5 in Conjurations
  6699 | D:5      | Found a sacrificial altar of Ru.
  6930 | D:5      | Offered knowledge of Mephitic Cloud by Vehumet.
  7178 | D:5      | Found a hide-covered altar of Uskayaw.
  7235 | D:5      | Killed a yak
  7352 | D:6      | Found Ysemidut's General Store.
  7362 | D:6      | Bought a scroll of immolation for 45 gold pieces
  7362 | D:6      | Bought a scroll of identify for 26 gold pieces
  7392 | D:6      | Found Qieng's Armour Shoppe.
  7463 | D:6      | Found Evotey's Jewellery Emporium.
  7463 | D:6      | Noticed Blork the orc
  7469 | D:6      | Killed Blork the orc
  7470 | D:6      | Reached XP level 9. HP: 46/46 MP: 13/18
  7488 | D:6      | Reached skill level 1 in Fighting
  7488 | D:6      | Reached skill level 1 in Armour
  7520 | D:6      | Reached skill level 1 in Staves
  7520 | D:6      | Reached skill level 1 in Evocations
  7526 | D:6      | Reached *** piety under Vehumet
  7607 | D:6      | Found Siec Kot's Magic Scroll Shop.
  7619 | D:6      | Bought a scroll of noise for 11 gold pieces
  7658 | D:6      | Found Idieskur's Distillery.
  7661 | D:6      | Bought a potion of heal wounds for 55 gold pieces
  8018 | D:7      | Noticed Prince Ribbit
  8058 | D:6      | Killed Prince Ribbit
  8058 | D:6      | Offered knowledge of Hailstorm by Vehumet.
  8354 | D:7      | Found a broken altar of Ashenzari.
  8358 | D:7      | Saw a vision of the Shoals and the Spider Nest.
  8358 | D:7      | Noticed a sea snake
  8358 | D:7      | Noticed a wind drake
  8358 | D:7      | Noticed a merfolk
  8358 | D:7      | Noticed a merfolk
  8358 | D:7      | Noticed a merfolk
  8358 | D:7      | Noticed a wolf spider
  8358 | D:7      | Noticed a wolf spider
  8358 | D:7      | Noticed a wolf spider
  8358 | D:7      | Noticed a wolf spider
  8359 | D:7      | Noticed a wind drake
  8359 | D:7      | Noticed a sea snake
  8359 | D:7      | Noticed a merfolk
  8655 | D:8      | Reached XP level 10. HP: 56/56 MP: 12/20
  9445 | D:8      | Reached **** piety under Vehumet
  9470 | D:8      | Offered knowledge of Airstrike by Vehumet.
  9561 | D:8      | Found a runed translucent gate.
  9561 | D:8      | Found a runed translucent gate.
  9561 | D:8      | Found a runed translucent gate.
  9562 | D:8      | Found an opulent altar of Gozag.
  9563 | D:8      | Noticed Kinoniko's ghost (novice DsBe)
  9563 | D:8      | Noticed a brown ugly thing
 10033 | D:8      | Reached XP level 11. HP: 62/62 MP: 22/22
 10381 | D:8      | Noticed a salamander
 10470 | D:9      | Found a runed translucent gate.
 10470 | D:9      | Found a runed translucent gate.
 10470 | D:9      | Found a runed translucent gate.
 10472 | D:9      | Noticed vvokhom's ghost (novice DDFi)
 10504 | D:9      | Reached skill level 10 in Earth Magic
 10505 | D:9      | Reached skill level 5 in Fighting
 10507 | D:9      | Killed vvokhom's ghost
 10508 | D:9      | Reached skill level 5 in Armour
 10540 | D:9      | Noticed Psyche
 10549 | D:9      | Killed Psyche
 11167 | D:10     | Entered Level 10 of the Dungeon
 11201 | D:10     | Reached ***** piety under Vehumet
 11203 | D:10     | Offered knowledge of Olgreb's Toxic Radiance by Vehumet.
 11271 | D:10     | Found Tuck's Assorted Antiques.
 11279 | D:10     | Bought a brown potion for 26 gold pieces
 11523 | D:10     | Found a runed translucent door.
 11549 | D:10     | Found a hazy altar of Hepliaklqana.
 12362 | D:11     | Noticed a red ugly thing
 12369 | D:11     | Killed a red ugly thing
 12370 | D:11     | Reached skill level 5 in Staves
 12629 | D:11     | Found the +8 Vampire's Tooth {vamp}
 12704 | D:11     | Noticed a death yak
 12705 | D:11     | Found a staircase to the Lair.
 12706 | D:11     | Noticed a death yak
 12708 | D:11     | Noticed a death yak
 12751 | D:11     | Killed a death yak
 12751 | D:11     | Killed a death yak
 12752 | D:11     | Reached skill level 5 in Dodging
 12752 | D:11     | Reached skill level 5 in Evocations
 12752 | D:11     | Reached XP level 12. HP: 9/70 MP: 20/24
 12756 | D:11     | Killed a death yak
 13320 | D:12     | Found Xeric's General Store.
 13320 | D:12     | Found Umpiog's Weapon Emporium.
 13327 | D:12     | Identified the +5 flail "Jaurov" {vorpal, Str+4}
 13393 | D:12     | Noticed Fannar
 13405 | D:12     | Killed Fannar
 13635 | D:12     | Found a flickering gateway to a bazaar.
 13645 | Bazaar   | Entered a bazaar
 13647 | Bazaar   | Found Ninenipo's General Store.
 13652 | Bazaar   | Found Xaties's Antique Weapon Emporium.
 13670 | Bazaar   | Found Casec's Antique Armour Emporium.
 13700 | Bazaar   | Found Bobonaim's General Store.
 13704 | Bazaar   | Bought a potion of curing for 36 gold pieces
 13721 | Bazaar   | Bought a potion of heal wounds for 55 gold pieces
 13721 | Bazaar   | Bought a scroll of magic mapping for 38 gold pieces
 14009 | D:12     | Found a staircase to the Orcish Mines.
 14014 | D:12     | Noticed a seven-headed hydra
 14019 | D:12     | Killed a seven-headed hydra
 14021 | D:12     | Noticed a two-headed ogre
 14026 | D:12     | Killed a two-headed ogre
 14195 | D:12     | Found Siemits's Assorted Antiques.
 14729 | D:13     | Noticed a six-headed hydra
 14736 | D:13     | Killed a six-headed hydra
 14901 | D:13     | Found Kituutz's Book Emporium.
 14917 | D:13     | Found a runed translucent door.
 14918 | D:13     | Found a shimmering altar of Xom.
 14918 | D:13     | Noticed Firef's ghost (journeyman SpEn)
 14919 | D:13     | Identified the +10 quarterstaff of Aroapy {chaos, *Slow rF+
                  | SInv}
 15137 | D:13     | Noticed a boulder beetle
 15413 | D:13     | Killed a boulder beetle
 15413 | D:13     | Noticed a boulder beetle
 15438 | D:13     | Killed a boulder beetle
 15439 | D:13     | Reached XP level 13. HP: 76/76 MP: 15/25
 16255 | D:14     | Noticed an ettin
 16256 | D:14     | Noticed Iclawnydy's ghost (journeyman GnIE)
 16259 | D:14     | Found a transporter.
 16313 | D:14     | Reached skill level 10 in Conjurations
 16361 | D:14     | Gained mutation: You are somewhat resistant to further
                  | mutation. [potion of mutation]
 16361 | D:14     | Gained mutation: You have a pair of small antennae on your
                  | head. [potion of mutation]
 16372 | D:14     | Identified the +6 halberd of Qub Byt {antimagic, +Rage
                  | rElec rF- Will+}
 16514 | D:14     | Found a transporter.
 16663 | D:14     | Noticed a vault guard
 16695 | D:14     | Killed a vault guard
 16827 | D:14     | Offered knowledge of Ozocubu's Refrigeration by Vehumet.
 16868 | D:14     | Noticed a vault guard
 16891 | D:14     | Killed a vault guard
 17073 | D:14     | Noticed a vault guard
 17078 | D:14     | Killed a vault guard
 17138 | D:14     | Identified the +0 plate armour of Bedevilment {+Blink rF+
                  | Will++ Str-2}
 17240 | D:14     | Found a gate to the Vaults.
 17847 | D:14     | Noticed a minotaur
 17857 | D:14     | Noticed an entropy weaver
 17857 | D:14     | a minotaur changed into an entropy weaver
 17997 | Lair:1   | Entered Level 1 of the Lair of Beasts
 18328 | Lair:1   | Gained mutation: Your large and strong wings let you fly.
                  | [Gargoyle growth]
 18328 | Lair:1   | Reached XP level 14. HP: 59/84 MP: 22/27
 19362 | Lair:2   | Learned a level 5 spell: Fireball
 19479 | Lair:2   | Reached skill level 1 in Fire Magic
 19665 | Lair:2   | Offered knowledge of Irradiate by Vehumet.
 19765 | Lair:2   | Reached skill level 2 in Fire Magic
 19910 | Lair:2   | Reached skill level 10 in Spellcasting
 20281 | Lair:2   | Found a staircase to the Shoals.
 20885 | Lair:3   | Reached skill level 3 in Fire Magic
 21764 | Lair:4   | Learned a level 5 spell: Irradiate
 22162 | Lair:4   | Lost mutation: You are somewhat resistant to further
                  | mutation. [potion of mutation]
 22162 | Lair:4   | Lost mutation: You have a pair of small antennae on your
                  | head. [potion of mutation]
 22162 | Lair:4   | Gained mutation: You are strong-willed. (Will+) [potion of
                  | mutation]
 22162 | Lair:4   | Gained mutation: Your magical capacity is low. (-10% MP)
                  | [potion of mutation]
 22162 | Lair:4   | Gained mutation: Your mind is acute. (Int +2) [potion of
                  | mutation]
 22162 | Lair:4   | Gained mutation: You are somewhat resistant to further
                  | mutation. [potion of mutation]
 22207 | Lair:4   | Reached skill level 4 in Fire Magic
 22590 | Lair:4   | Found a hole to the Spider Nest.
 22848 | Lair:5   | Reached XP level 15. HP: 91/91 MP: 20/26
 22916 | Lair:5   | Offered knowledge of Bolt of Magma by Vehumet.
 22986 | Lair:4   | Learned a level 5 spell: Bolt of Magma
 23302 | Lair:5   | Identified a scroll of acquirement
 23302 | Lair:5   | Acquired 1055 gold pieces
 23852 | D:5      | Acquired a book of Power
 23863 | D:5      | Learned a level 6 spell: Iron Shot
 23911 | D:6      | Bought the +3 Elemental Staff {rElec rF++ rC++ Will++ AC+5}
                  | for 1233 gold pieces
 23911 | D:6      | Found the +3 Elemental Staff {rElec rF++ rC++ Will++ AC+5}
 24049 | D:12     | Reached skill level 5 in Fire Magic
 24090 | D:13     | Killed Firef's ghost
 24245 | D:13     | Acquired 743 gold pieces
 24302 | D:15     | Entered Level 15 of the Dungeon
 24878 | Lair:6   | Entered Level 6 of the Lair of Beasts
 24923 | Lair:6   | Reached skill level 10 in Fighting
 25101 | Lair:6   | Reached skill level 6 in Fire Magic
 25189 | Lair:6   | Offered knowledge of Conjure Ball Lightning by Vehumet.
 25772 | Lair:6   | Found a staircase to the Slime Pits.
 25772 | Lair:6   | Found a viscous altar of Jiyva.
 25792 | Lair:6   | Reached XP level 16. HP: 70/98 MP: 27/27
 26593 | Orc:1    | Entered Level 1 of the Orcish Mines
 26636 | Orc:1    | Reached skill level 7 in Fire Magic
 26745 | Orc:1    | Reached ****** piety under Vehumet
 26959 | Orc:1    | Found a bloodstained altar of Trog.
 26960 | Orc:1    | Found the +8 Wrath of Trog {antimagic, *Rage}
 27017 | Orc:2    | Entered Level 2 of the Orcish Mines
 27020 | Orc:2    | Found a transporter.
 27030 | Orc:2    | Noticed feta's ghost (journeyman TrMo)
 27051 | Orc:2    | Found a transporter.
 27077 | Orc:2    | Found a staircase to the Elven Halls.
 27293 | Orc:2    | Found Izan's Assorted Antiques.
 27298 | Orc:2    | Bought a scroll of blinking for 225 gold pieces
 27298 | Orc:2    | Bought a potion of invisibility for 240 gold pieces
 27431 | Orc:1    | Offered knowledge of Lightning Bolt by Vehumet.
 27529 | Orc:1    | Found a transporter.
 27541 | Orc:1    | Found a transporter.
 27557 | Orc:1    | Reached skill level 8 in Fire Magic
 27638 | Orc:1    | Found a runed translucent door.
 27708 | Orc:1    | Reached skill level 9 in Fire Magic
 27993 | Orc:1    | Reached skill level 10 in Fire Magic
 28094 | Orc:1    | Identified the +3 plate armour "Leed" {rN+}
 28099 | Orc:1    | Identified the +5 great sword "Kyrixzaw" {freeze, Will+
                  | Int+3}
 28510 | Orc:2    | Found Wurefris's Armour Boutique.
 28649 | Orc:2    | Found a shimmering blue altar of Sif Muna.
 28881 | Orc:2    | Offered knowledge of Eringya's Noxious Bog by Vehumet.
 28883 | Orc:2    | Reached skill level 11 in Fire Magic
 28942 | Orc:2    | Found Teyqell's Antique Weapon Boutique.
 28945 | Orc:2    | Found Hoota's Antique Armour Shop.
 29523 | D:15     | Noticed Rupert
 29528 | D:15     | Killed Rupert
 29799 | D:15     | Reached skill level 12 in Fire Magic
 30074 | D:15     | Reached XP level 17. HP: 103/103 MP: 7/28
 30154 | D:15     | Found a staircase to the Depths.
 30368 | D:15     | Identified the +1 morningstar "Loarryda" {flame, Contam
                  | Will++}
 30677 | Spider:1 | Entered Level 1 of the Spider Nest
 30835 | Spider:1 | Reached skill level 13 in Fire Magic
 31085 | Spider:1 | Offered knowledge of Shatter by Vehumet.
 31085 | Spider:1 | Offered knowledge of Tornado by Vehumet.
 31574 | Spider:2 | Reached skill level 14 in Fire Magic
 31662 | Spider:2 | Noticed Jorgrun
 31731 | Spider:1 | Killed Jorgrun
 31780 | Spider:2 | Noticed Donald
 31781 | Spider:2 | Noticed Arachne
 31787 | Spider:2 | Killed Donald
 31792 | Spider:2 | Killed Arachne
 31800 | Spider:2 | Lost mutation: You are strong-willed. (Will+) [potion of
                  | mutation]
 31800 | Spider:2 | Lost mutation: Your magical capacity is low. (-10% MP)
                  | [potion of mutation]
 31800 | Spider:2 | Lost mutation: You are somewhat resistant to further
                  | mutation. [potion of mutation]
 31800 | Spider:2 | Gained mutation: You have an increased reservoir of magic.
                  | (+10% MP) [potion of mutation]
 32895 | Spider:3 | Reached skill level 15 in Fire Magic
 33112 | Spider:3 | Learned a level 8 spell: Ignition
 33655 | Spider:3 | Acquired 1144 gold pieces
 34105 | Spider:4 | Entered Level 4 of the Spider Nest
 34136 | Spider:4 | Reached skill level 16 in Fire Magic
 34203 | Spider:4 | HP: 1/103 [disintegration (39)]
 34417 | Spider:4 | Reached XP level 18. HP: 72/108 MP: 36/36
 35183 | Spider:4 | Blown up by an orb spider

Illustrated notes

Levels and vault maps discovered:
D:1:      nzn_arrival_depleted_hourglass, layout_loops_cross,
          hellmonk_ecumenical_altar_crossroads, minmay_worlds_worst_comb
D:2:      layout_loops_ring, due_unseen_surprise, uniq_terence
D:3:      kennysheep_the_goblin_king, layout_loops_ring,
          ebering_ghost_reflecting_pool, serial_forest, infiniplex_forest_end_2,
          infiniplex_forest_straight_4, infiniplex_forest_clump_double,
          infiniplex_forest_clump_long, infiniplex_forest_clump_medium,
          infiniplex_forest_end_1, infiniplex_forest_lined_room_,
          infiniplex_forest_clump_diagonal, infiniplex_forest_zigzag_1,
          infiniplex_forest_clump_curved, minmay_checkerbox
D:4:      minmay_wonky_spiral, layout_basic, okawaru_metal_pillars_1_2,
          kennysheep_mini_moat, temple_statues, dk_noncrumbling_4
D:5:      lemuel_castle_with_subvaults [lemuel_castle_interior_carwin_2],
          layout_basic, nicolae_uskayaw_suspiria, lemuel_doored_altar,
          lemuel_tele_altar, zin_scriptorium, lightli_corner_chamber
D:6:      layout_basic, serial_shops, kennysheep_little_box,
          nicolae_shop_crystal, nicolae_shop_behind_doors,
          nicolae_shop_waterfront, shop, grunt_decor_junction,
          uniq_blork_the_orc
D:7:      layout_rooms, grunt_ashenzari_visionary
          [grunt_ashenzari_visionary_shoals, grunt_ashenzari_visionary_spider],
          uniq_prince_ribbit1
D:8:      cheibrodos_grave_circle, layout_basic, ebering_ghost_gozag,
          kennysheep_generic_room_7
D:9:      layout_basic, gammafunk_ghost_nasty_kobolds, uniq_psyche
D:10:     layout_rooms, lemuel_round_altar, serial_shops, nicolae_shop_crystal,
          lightli_church_of_beogh
D:11:     layout_grid_maze, dpeg_lair_monsters,
          minmay_guarded_unrand_vampires_tooth
D:12:     layout_loops_cross, orc_0_dummy, serial_shops, bzr_entry_islet,
          nicolae_shop_competitors_out_of_business,
          nicolae_shop_temple_entry_statues_fountains, nicolae_shop_crystal,
          uniq_fannar
D:13:     layout_layer_cave, serial_shops, shop, ebering_ghost_xom
D:14:     layout_loops_corners, ximxim_vaults_locker_room,
          gammafunk_ghost_arena, amcnicky_mini_pool_medium
D:15:     grunt_enter_depths_magical_seal, layout_layer_cave,
          minmay_checkered_concentric_circles, uniq_rupert
Temple:   minmay_temple_curvy_branch
Lair:1:   layout_regular_city, cheibrodos_lair_lostbears
Lair:2:   nzn_winding_woodlands_large [nzn_winding_woodlands_5x5_default,
          nzn_winding_woodlands_5x15_sidewinder,
          nzn_winding_woodlands_5x5_closed_star,
          nzn_winding_woodlands_center_pierced_h,
          nzn_winding_woodlands_15x15_thick_spiral,
          nzn_winding_woodlands_center_lodge, nzn_winding_woodlands_5x5_three,
          nzn_winding_woodlands_5x15_river_crossing,
          nzn_winding_woodlands_5x5_cross], layout_layer_cave,
          elwin_shoals_entry_stream
Lair:3:   layout_cave_pods
Lair:4:   layout_long_grid, nicolae_spider_entry_orb_guardian,
          lemuel_fruit_fields
Lair:5:   layout_long_grid, minmay_lair_oklob_bushes, st_stairs_13,
          grunt_megastairs_5
Lair:6:   minmay_lair_end_frog_pond, layout_cave_pods, slime_altar_1,
          chequers_serial_rivers_micro_b, patterned_corridor,
          serial_bayou_shore_b
Spider:1: layout_spider_delve
Spider:2: layout_spider_delve, drop_trap, nicolae_spider_wall_of_niches,
          uniq_arachne, uniq_jorgrun, uniq_donald
Spider:3: layout_spider_delve, nicolae_spider_twisty_arc_passages
Spider:4: floodkiller_spider_rune_tomb
Orc:1:    emtedronai_trogs_sanctum, layout_diamond_mine
Orc:2:    grunt_orc_community_town_hall, layout_diamond_mine,
          grunt_orc_community_big_house_2, grunt_orc_community_big_house_1,
          grunt_orc_community_house_2, grunt_orc_community_house_2,
          grunt_orc_community_house_2, grunt_orc_community_house_1,
          grunt_orc_community_house_1, gammafunk_ghost_arena,
          kennysheep_orc_sif_temple

Skill      XL: |  1  2  3  4  5  6  7  8  9 10 11 12 13 14 15 16 17 |
---------------+----------------------------------------------------+-----
Earth Magic    | 4 5 6 7 8 9 10 11 12 13 | 13.5
Spellcasting   | 3 4 5 6 7 8 9 10 | 10.7
Conjurations   | 1 2 3 4 6 7 9 10 11 12 | 12.0
Fighting       | 3 4 6 7 8 9 10 | 10.4
Armour         | 3 4 6 |  6.0
Staves         | 2 4 5 6 7 8 9 |  9.6
Dodging        | 2 3 5 6 7 8 |  8.3
Evocations     | 2 3 5 6 7 8 |  8.8
Fire Magic     | 4 6 12 16 | 16.7
Maces & Flails | |  0.3
Stealth        | |  2.1
Transmutations | |  0.7

Action                   |  1- 3 |  4- 6 |  7- 9 | 10-12 | 13-15 | 16-18 || total
-------------------------+-------+-------+-------+-------+-------+-------++-------
Melee: Unarmed           |    16 |       |       |       |       |       ||    16
       Short sword       |    31 |       |       |       |       |       ||    31
       Spear             |    74 |   149 |   208 |       |       |       ||   431
       Quarterstaff      |       |       |    73 |   290 |       |       ||   363
       Quick blade       |       |       |       |    36 |   506 |       ||   542
       Staff             |       |       |       |       |   300 |   706 ||  1006
 Cast: Sandblast         |    12 |     5 |    48 |    47 |    37 |    11 ||   160
       Stone Arrow       |       |     5 |    17 |   102 |   169 |    19 ||   312
       Passwall          |       |     2 |     2 |       |       |       ||     4
       Lee's Rapid Decon |       |       |    12 |    46 |    78 |    57 ||   193
       Fireball          |       |       |       |       |    15 |    19 ||    34
       Irradiate         |       |       |       |       |    17 |    22 ||    39
       Iron Shot         |       |       |       |       |    19 |    95 ||   114
       Bolt of Magma     |       |       |       |       |     2 |    11 ||    13
       Ignition          |       |       |       |       |       |     8 ||     8
Evoke: Wand              |       |       |     2 |    21 |    12 |       ||    35
       Phial of floods   |       |       |       |       |     1 |     1 ||     2
       Condenser vane    |       |       |       |       |       |     1 ||     1
  Use: Scroll            |       |     8 |     6 |     9 |     9 |     4 ||    36
       Potion            |       |     4 |       |    14 |     7 |     9 ||    34
 Stab: Sleeping          |     9 |    10 |     3 |       |     4 |     2 ||    28
       Distracted        |       |     1 |       |       |     1 |       ||     2
       Invisible         |       |       |       |     4 |       |     5 ||     9
       Petrified         |       |       |       |       |     5 |       ||     5
Armor: Robe              |    38 |    51 |   136 |    77 |       |   173 ||   475
       Leather armour    |       |       |       |   204 |       |       ||   204
       Troll leather arm |       |       |       |    35 |   471 |   264 ||   770
Dodge: Dodged            |    77 |    85 |   201 |   328 |   653 |   783 ||  2127

Table legend: (Time is in decaauts)
 A = Elapsed time spent in this place.
 B = Non-inter-level travel time spent in this place.
 C = Inter-level travel time spent in this place.
 D = Time resting spent in this place.
 E = Time spent auto-exploring this place.
 F = Levels seen in this place.
 G = Mean time per level.
                   A        B        C        D        E       F      G
               +--------+--------+--------+--------+--------+-----+--------+
         Total |  34679 |  32256 |   2423 |   2524 |  23263 |  29 | 1195.8 |
       Dungeon |  19932 |  18573 |   1359 |   1395 |  13686 |  15 | 1328.8 |
        Temple |    257 |    195 |     62 |      0 |    194 |   1 |  257.0 |
          Lair |   7618 |   6845 |    773 |    351 |   5118 |   6 | 1269.7 |
   Spider Nest |   4414 |   4376 |     38 |    607 |   3010 |   4 | 1103.5 |
  Orcish Mines |   2362 |   2172 |    190 |    171 |   1195 |   2 | 1181.0 |
        Bazaar |     93 |     93 |      0 |      0 |     60 |   1 |   93.0 |
               +--------+--------+--------+--------+--------+-----+--------+

Top non-repeatable levels by time:
     D:5: 2327 daAuts
  Lair:2: 1937 daAuts
    D:13: 1866 daAuts
    D:14: 1833 daAuts
Spider:3: 1793 daAuts
     D:1: 1666 daAuts
  Lair:6: 1444 daAuts
    D:15: 1409 daAuts
    D:11: 1367 daAuts
    D:12: 1348 daAuts
     D:3: 1341 daAuts
     D:8: 1297 daAuts
  Lair:4: 1218 daAuts
   Orc:2: 1204 daAuts
   Orc:1: 1157 daAuts
